 Dungeon Crawl Stone Soup version 0.19.1-1-g22dce08 (webtiles) character file.

268 Gargoyl the Skirmisher (level 6, -3/51 (52) HPs)
             Began as a Ghoul Abyssal Knight on Jan 2, 2017.
             Was a Believer of Lugonu.
             Slain by a centaur (6 damage)
             ... on level 3 of the Dungeon.
             The game lasted 00:07:41 (2288 turns).

Gargoyl the Skirmisher (Ghoul Abyssal Knight)       Turns: 2288, Time: 00:07:42

HP:   -3/51 (52)    AC:  8    Str: 16      XL:     6   Next: 21%
MP:   7/7           EV:  7    Int:  6 (7)  God:    Lugonu [**....]
Gold: 136           SH:  7    Dex:  8 (10) Spells: 0 memorised, 5 levels left

rFire  . . .     SeeInvis .     a - +1 hand axe
rCold  + . .     Gourm    .     i - +0 scale mail
rNeg   + + +     Faith    .     k - +0 shield
rPois  ∞         Spirit   .     (no helmet)
rElec  .         Reflect  .     (no cloak)
rCorr  .         Harm     .     (no gloves)
MR     .....                    o - +0 pair of boots {run}
Stlth  ..........               s - amulet of regeneration
                                (no ring)
                                (no ring)

@: rotting, quick
A: rotting body, claws 1, carnivore 3, cold resistance 1, negative energy
resistance 3, slow regeneration 1, torment resistance, unbreathing
a: Depart the Abyss, Bend Space, Renounce Religion


You were on level 3 of the Dungeon.
You worshipped Lugonu.
Lugonu was pleased with you.
You were not hungry.

You visited 1 branch of the dungeon, and saw 3 of its levels.
You visited the Abyss 1 time.
You also visited: Sewer.

You collected 136 gold pieces.

Inventory:

Hand Weapons
 a - a +1 hand axe (weapon)
Missiles
 q - 8 tomahawks (quivered)
Armour
 i - a +0 scale mail (worn)
 k - a +0 shield (worn)
 o - a +0 pair of boots of running (worn)
Jewellery
 s - an amulet of regeneration (around neck)
Scrolls
 b - 3 scrolls of blinking {unknown}
 e - 3 scrolls of identify
 n - a scroll of noise {unknown}
Comestibles
 c - a meat ration
 f - 2 slices of pizza


   Skills:
 + Level 4.1 Fighting
 + Level 3.0 Axes
 * Level 3.6 Armour
 + Level 1.3 Dodging
 + Level 1.0 Shields
 * Level 3.3 Invocations


You had 5 spell levels left.
You didn't know any spells.

Dungeon Overview and Level Annotations

Branches:
Dungeon (3/15)

Altars:
Gozag
Vehumet
Yredelemnul


Innate Abilities, Weirdness & Mutations

Your body is rotting away.
You thrive on raw meat.
You are immune to poison.
You have sharp fingernails.
You are carnivorous and can eat meat at any time.
Your flesh is cold resistant. (rC+)
You are immune to negative energy. (rN+++)
You regenerate slowly when monsters are visible.
You are immune to unholy pain and torment.
You can survive without breathing.


Message History

The centaur hits you.
* * * LOW HITPOINT WARNING * * *
Okay, then.
You aren't carrying any potions.
Okay, then.
Your shield prevents you from hitting the centaur.
The centaur is severely wounded.
The centaur hits you but does no damage.
The centaur hits you.
* * * LOW HITPOINT WARNING * * *
You hit the centaur.
The centaur is almost dead.
The centaur barely misses you. You block the centaur's attack.
You closely miss the centaur.
The centaur is almost dead.
The centaur hits you but does no damage. x2
You barely miss the centaur.
The centaur is almost dead.
You block the centaur's attack. The centaur hits you.
You die...

,* *,*********#...#.# #.#.#, ,*
#.# #######...#.# #)#.## .** #.#
#.....'.....#######.#... ..* #.#
#.####....%...........## ..#*#.#
#.# #.P.P.............# ...*#.#
#.# #.._..........#≈... ,#.##.#
#.####.P.P.%.......#≈≈..
##..#.####.##....c.(.########≈≈≈≈
............#..(@....# *,,,,#≈≈≈≈
.##.#.####..#..$.....# *,,,,#.≈≈≈
,*#...<..#..#........# *,,,,#####
......####.[#........#***,,,,,,,,
####..# #(.#........#,,,,,,,****
#..# #..#........#,,,,,,,* *
##.#**#..#........#,,,,,,,* *
#..,,#..#........#***,**,* **
#>..,,,,*************,**,* *,


You could see a centaur.

Vanquished Creatures
  2 bullfrogs (Sewer)
  5 adders
  2 river rats (D:3)
  3 worms (D:2)
  2 dart slugs (D:1)
  2 leopard geckos
  5 orcs (D:3)
  7 ball pythons
  6 bats
  8 giant cockroaches
  4 goblins (D:1)
  5 hobgoblins
  6 frilled lizards
  A kobold (D:1)
  15 rats
73 creatures vanquished.

Notes
Turn   | Place    | Note
-------+----------+-------------------------------------------
     0 | Abyss:1  | Gargoyl the Ghoul Abyssal Knight began the quest for the Orb.
     0 | Abyss:1  | Reached XP level 1. HP: 19/19 MP: 1/1
    96 | Abyss:3  | Noticed a large abomination
   101 | D:1      | Escaped the Abyss
   118 | D:1      | Reached * piety under Lugonu
   203 | D:1      | Reached XP level 2. HP: 24/27 MP: 2/2
   470 | D:1      | Reached skill level 4 in Fighting
   470 | D:1      | Reached XP level 3. HP: 33/33 MP: 3/3
   473 | D:1      | Reached skill level 1 in Dodging
   756 | D:2      | Identified a +0 pair of boots of running (You found it on level 2 of the Dungeon)
   858 | D:2      | Found a radiant altar of Vehumet.
   859 | D:2      | Found an opulent altar of Gozag.
   991 | D:2      | Reached XP level 4. HP: 35/40 MP: 4/4
  1581 | D:3      | Found a basalt altar of Yredelemnul.
  1605 | D:3      | Found a glowing drain.
  1625 | D:3      | Reached ** piety under Lugonu
  1675 | D:3      | Reached XP level 5. HP: 4/46 MP: 6/6
  1706 | Sewer    | Entered a sewer
  1904 | Sewer    | Reached skill level 1 in Shields
  2005 | Sewer    | Reached XP level 6. HP: 9/52 MP: 7/7
  2285 | D:3      | HP: 2/51 [centaur (1)]
  2288 | D:3      | Slain by a centaur

Skill      XL: |  1  2  3  4  5 |
---------------+----------------+-----
Axes           | 2 3 |  3.0
Armour         | 2 3 |  3.6
Fighting       | 4 |  4.1
Dodging        | 1 |  1.3
Shields        | 1 |  1.0
Invocations    | 3 |  3.3

Action                   |  1- 3 |  4- 6 || total
-------------------------+-------+-------++-------
Melee: Hand axe          |    96 |   195 ||   291
Throw: Tomahawk          |       |     3 ||     3
Invok: Depart the Abyss  |     1 |       ||     1
  Use: Scroll            |     1 |     7 ||     8
       Potion            |       |     3 ||     3
  Eat: Chunk             |    14 |    27 ||    41
Armor: Leather armour    |     6 |       ||     6
       Scale mail        |    50 |   113 ||   163
Dodge: Dodged            |    40 |    62 ||   102
Block: Buckler           |     4 |       ||     4
       Shield            |    29 |    83 ||   112
